Description

Hartem blink stalker / prism / sentry ag. MaxPax

VOD

https://www.youtube.com/watch?v=lCIDncVyDSs

Build Order

Why is there no SALT encoding or Overwolf build?

  14  0:17  Pylon  
  15  0:35  Gateway  scout
  16  0:38  Action (Chrono Boost)  Nexus
  17  0:46  Assimilator  
  18  0:55  Assimilator  
  19  1:04  Action (Chrono Boost)  Nexus
  19  1:09  Gateway  send 2nd probe on map
  20  1:20  Action  minerals 16/16 new workers on gas
  21  1:26  Cybernetics Core  
  22  1:39  Pylon  on enemy side
  25  2:02  Stalker  + warpgate
  27  2:03  Stalker  
  27  2:15  Pylon  
  27  2:21  Robotics Facility  on enemy side
  29  2:32  Stalker  
  31  2:37  Stalker  
  32  2:49  Warp Gate (Chrono Boost)  
  32  2:50  Gateway  
  34  3:09  Warp Prism  
  25  3:17  Pylon  
      Action  warp in Stalkers + build Pylons
Spawning Tool Build Advisor. Get it on Overwolf

Go to:

Details

  • Created by: Enrico
  • Published on: Nov 09, 2025
  • Modified on: Nov 09, 2025
  • Patch: 5.0.11
  • Difficulty: Easy
Show

Export as new Build Order

Comments (1)

On Jan. 30, 2026, 6:41 a.m., Confirm_ation  said:

coulld someone fix the supply count for salt encoding?
nice little build :)

Create an account to comment!